Map: [ESL] Alcyone

Players

eGGz

  • Race: Zerg Zerg
  • Spawn Location: 7:00

Nina - Winner!

  • Race: Protoss Protoss
  • Spawn Location: 1:00

Event: ESL SC2 Masters 2024 Spring (Regional)

VOD

Have the link to the VOD?

Description

Time

  • Played on: April 13, 2024, 4:20 p.m.
  • Length: 11:57

All games in this series

Show
View Real Time Build Order
Export as new Build Order

eGGz Zerg 

Build Orders: Hatch First, Lurkers 

Get SALT Encoding   

  12  0:00  Drone  
  13  0:12  Overlord  
  13  0:16  Drone  
  14  0:32  Drone x2  
  16  0:47  Hatchery  
  15  0:51  Drone  
  15  0:54  Drone  
  17  1:00  Drone  
  18  1:05  Extractor  
  17  1:13  Spawning Pool  
  17  1:17  Drone  
  17  1:19  Drone  
  18  1:28  Drone  
  19  1:39  Drone  
  20  1:54  Drone  
  20  2:00  Overlord  
  20  2:01  Queen x2  
  23  2:02  Drone  
  26  2:08  Metabolic Boost  
  27  2:15  Drone  
  27  2:16  Drone  
  27  2:21  Zergling x2  
  29  2:27  Zergling x2  
  30  2:36  Hatchery  
  29  2:39  Drone x2  
  31  2:45  Drone x2  
  31  2:50  Queen  
  35  2:55  Overlord  
  36  2:58  Drone  
  36  3:12  Overlord  
  36  3:13  Queen  
  36  3:14  Drone x2  
  36  3:15  Drone  
  36  3:16  Zergling x2  
  36  3:18  Zergling x2  
  43  3:22  Zergling x2  
  44  3:32  Drone x2  
  44  3:33  Queen  
  48  3:36  Drone  
  49  3:46  Roach Warren, Drone x2  
  49  3:48  Queen  
  52  3:49  Drone  
  53  3:58  Spore Crawler  
  50  4:05  Drone x7  
  50  4:08  Extractor  
  56  4:12  Zergling x2  
  56  4:13  Zergling x2  
  57  4:20  Overlord  
  57  4:23  Drone x3  
  57  4:29  Pneumatized Carapace, Lair  
  55  4:36  Drone x2  
  55  4:37  Overlord  
  57  4:39  Spore Crawler  
  57  4:40  Spore Crawler  
  55  4:46  Overlord  
  55  4:49  Overlord, Drone x2  
  55  4:50  Roach  
  58  4:54  Roach  
  59  5:02  Roach x4  
  59  5:04  Overlord  
  67  5:09  Overlord  
  67  5:13  Roach  
  67  5:14  Roach, Zergling x2  
  72  5:25  Zergling x16  
  72  5:26  Zergling x2  
  81  5:29  Zergling x2  
  76  5:42  Zergling x16  
  83  5:51  Zergling x10  
  83  5:53  Ravager x2  
  90  5:58  Overlord  
  90  6:08  Zergling x8  
  87  6:23  Drone x5  
  87  6:24  Drone  
  87  6:29  Ravager, Drone  
  87  6:31  Drone  
  83  6:40  Drone, Queen x3  
  83  6:41  Drone  
  83  6:43  Drone  
  88  6:56  Zergling x6  
  84  7:04  Drone  
  84  7:08  Hydralisk Den, Extractor, Drone x2  
  85  7:09  Evolution Chamber, Extractor  
  85  7:10  Glial Reconstitution  
  85  7:11  Extractor  
  77  7:17  Zergling x2  
  77  7:18  Zergling x8  
  76  7:36  Drone x4  
  74  7:37  Zerg Missile Weapons Level 1  
  72  7:45  Hydralisk x2  
  72  7:49  Queen x2  
  79  7:52  Drone  
  79  7:56  Drone  
  79  7:57  Hatchery  
  77  7:59  Grooved Spines  
  77  8:01  Drone  
  77  8:02  Drone x3  
  74  8:06  Roach x4  
  74  8:11  Zergling x2  
  81  8:13  Overlord x4  
  81  8:36  Zergling x16  
  89  8:42  Lurker Den  
  89  8:45  Hydralisk x4  
  94  8:49  Hydralisk  
  94  8:51  Zergling x12  
  90  8:58  Hydralisk  
  90  9:02  Hydralisk x2  
  84  9:10  Hydralisk  
  84  9:12  Hydralisk  
  84  9:13  Zergling x2  
  81  9:19  Zergling x20  
  91  9:27  Zergling x4  
  91  9:35  Hydralisk x4  
  97  9:44  Hydralisk Den, Extractor  
  91  9:48  Zergling x12  
  91  9:52  Drone x2  
  98  9:57  Zergling x6  
  98  9:58  Zergling x2  
  99  10:08  Drone x2  
  99  10:09  Drone x4  
  103  10:18  Hydralisk x4  
  103  10:20  Hydralisk x3  
  107  10:26  Zergling x2  
  107  10:27  Zergling x8  
  109  10:35  Zergling x12  
  101  10:39  Lurker x3  
  103  10:46  Hydralisk x4  
  93  10:55  Zergling x4  
  93  10:56  Zergling x10  
  79  11:08  Hydralisk x5  
  81  11:13  Lurker x2  
  81  11:14  Lurker  
  84  11:18  Drone x3  
  84  11:19  Drone  
  84  11:24  Roach  
  84  11:25  Roach x2  
  94  11:28  Roach  
  96  11:36  Roach x4  
Show
View Real Time Build Order
Export as new Build Order

Nina Protoss - Winner!

Build Orders: 1 Gate Expand, Oracle Opening 

Get SALT Encoding   

  12  0:00  Probe  
  13  0:12  Probe  
  14  0:19  Pylon  
  14  0:25  Probe  
  15  0:38  Probe (Chrono Boost)  
  15  0:39  Gateway  
  16  0:47  Probe (Chrono Boost)  
  17  0:50  Assimilator  
  17  0:52  Probe  
  18  1:04  Probe  
  19  1:16  Probe  
  20  1:26  Nexus  
  20  1:34  Cybernetics Core  
  20  1:37  Probe  
  21  1:49  Probe  
  21  1:50  Assimilator  
  22  1:54  Pylon  
  22  2:01  Probe  
  23  2:10  Adept (Chrono Boost)  
  23  2:13  Probe (Chrono Boost)  
  26  2:22  Stargate  
  26  2:23  Probe (Chrono Boost)  
  27  2:32  Probe (Chrono Boost), Adept  
  30  2:38  Warp Gate  
  30  2:41  Probe (Chrono Boost)  
  32  2:48  Probe (Chrono Boost)  
  32  2:49  Probe (Chrono Boost)  
  33  2:55  Probe x2  
  35  3:04  Oracle (Chrono Boost)  
  35  3:07  Probe x2  
  35  3:11  Pylon  
  40  3:19  Probe  
  42  3:20  Probe  
  42  3:31  Probe  
  42  3:32  Probe  
  42  3:33  Oracle  
  47  3:39  Nexus  
  47  3:41  Pylon  
  47  3:44  Probe  
  47  3:46  Probe  
  49  3:51  Gateway  
  49  3:56  Pylon, Probe  
  49  3:59  Probe  
  48  4:08  Probe  
  49  4:11  Probe  
  49  4:14  Gateway  
  48  4:18  Oracle  
  48  4:20  Probe  
  48  4:23  Probe  
  53  4:29  Pylon  
  53  4:31  Twilight Council  
  53  4:32  Probe  
  53  4:33  Assimilator  
  53  4:35  Assimilator  
  54  4:44  Gateway  
  54  4:47  Probe x2  
  54  4:48  Stalker, Gateway  
  54  4:51  Gateway  
  54  4:52  Probe (Chrono Boost)  
  59  4:57  Stalker  
  59  4:59  Probe x2 (Chrono Boost)  
  63  5:02  Pylon  
  63  5:04  Probe (Chrono Boost)  
  64  5:09  Probe x2 (Chrono Boost)  
  64  5:11  Probe (Chrono Boost)  
  64  5:12  Blink (Chrono Boost)  
  67  5:14  Probe x2 (Chrono Boost)  
  67  5:17  Probe  
  70  5:21  Stalker x2  
  70  5:24  Shield Battery  
  70  5:25  Probe  
  76  5:28  Probe  
  76  5:38  Probe  
  78  5:43  Void Ray (Chrono Boost)  
  78  5:45  Shield Battery  
  78  5:46  Stalker x3  
  84  5:50  Pylon  
  84  5:56  Pylon  
  84  5:58  Pylon  
  84  6:00  Shield Battery  
  84  6:08  Stalker x2  
  84  6:09  Stalker x2  
  92  6:16  Shield Battery  
  90  6:19  Pylon  
  90  6:20  Stalker  
  88  6:31  Gateway  
  86  6:38  Stalker x4  
  92  6:44  Stalker  
  82  7:01  Stalker x3  
  82  7:02  Stalker  
  88  7:08  Stalker  
  90  7:18  Robotics Facility  
  90  7:20  Forge  
  90  7:28  Stalker x2  
  94  7:33  Pylon  
  94  7:35  Pylon  
  94  7:37  Pylon  
  94  7:51  Probe x2  
  96  8:05  Nexus  
  93  8:06  Observer  
  93  8:08  Protoss Ground Weapons Level 1  
  93  8:09  Robotics Bay  
  93  8:10  Robotics Facility  
  93  8:12  Probe  
  95  8:13  Pylon  
  95  8:14  Probe  
  96  8:24  Probe  
  96  8:25  Stalker x4  
  96  8:26  Stalker x2  
  109  8:34  Probe  
  109  8:37  Shield Battery  
  109  8:38  Gateway  
  110  8:49  Zealot x5  
  110  8:50  Zealot  
  121  9:02  Colossus  
  121  9:15  Probe  
  122  9:18  Extended Thermal Lance  
  122  9:19  Colossus  
  128  9:24  Assimilator  
  128  9:26  Assimilator  
  114  9:48  Zealot x3  
  114  9:49  Zealot x4  
  114  9:50  Probe  
  114  9:51  Charge (Chrono Boost)  
  129  9:56  Colossus (Chrono Boost)  
  135  10:11  Zealot x3  
  141  10:17  Zealot x2  
  141  10:22  Pylon  
  141  10:26  Colossus (Chrono Boost)  
  122  10:37  Nexus  
  120  10:47  Colossus (Chrono Boost)  
  120  10:49  Zealot  
  101  11:13  Zealot x7  
  101  11:16  Probe  
  101  11:17  Probe  
  123  11:19  Pylon  
  123  11:20  Probe  
  123  11:21  Templar Archives  
  124  11:32  Probe  
  125  11:34  Zealot  
  125  11:35  Zealot x3  
  125  11:36  Zealot  
Tags
 
Add a new tag
Caveats
  • Supply blocks, unpowered buildings, or Contaminate may cause inaccurate times.
  • Supply counts are checked every 10 seconds.